 Dungeon Crawl Stone Soup version 0.31-a0-986-g5e6e4ef867 (webtiles) character file.

Game seed: 9245565703962367379

3496 gelatine the Firebug (level 9, -7/66 HPs)
             Began as a Demonspawn Fire Elementalist on Nov 8, 2023.
             Killed from afar by a Hell Sentinel (73 damage)
             ... with an iron shot
             ... on level 2 of the Abyss.
             The game lasted 00:29:52 (10281 turns).

gelatine the Firebug (DsFE)                        Turns: 10281, Time: 00:29:53

Health: -7/66      AC:  4    Str:  9    XL:     9   Next: 80%
Magic:  18/18      EV: 16    Int: 20    God:
Gold:   107        SH:  0    Dex: 14    Spells: 7/20 levels left

rFire   + + .        D - +4 mace (freeze)
rCold   x . .        (no shield)
rNeg    + . .        J - +0 leather armour of the Arcane {rF+ rN+}
rPois   .            (helmet restricted)
rElec   .            (no cloak)
rCorr   .            (no gloves)
SInv    .            w - +0 pair of boots
Will    .....        H - amulet of regeneration
Stlth   ++           s - ring of fire
HPRegen 1.11/turn    P - +5 ring of evasion
MPRegen 0.16/turn

%: no passive effects
@: no status effects
A: antennae 1, foul stench 1, powered by death 1, sanguine armour 1
a: no special abilities


You were on level 2 of the Abyss.
You visited 1 branch of the dungeon, and saw 9 of its levels.
You visited the Abyss 1 time.

You collected 435 gold pieces.
You spent 328 gold pieces at shops.

Inventory:

Hand Weapons
 c - a +0 short sword
 D - a +4 mace of freezing (weapon)
 I - a +0 orcbow of flaming
 K - a +5 war axe
 Q - a +1 hand axe of flaming
Missiles
 n - 4 datura-tipped darts
 t - a throwing net
Armour
 w - a +0 pair of boots (worn)
 C - a +0 scale mail of cold resistance
 J - the +0 leather armour of the Arcane (worn) {rF+ rN+}
   (You bought it in a shop on level 3 of the Dungeon)

   rF+:       It protects you from fire.
   rN+:       It protects you from negative energy.
Magical Staves
 m - a staff of cold
 R - a staff of fire
Jewellery
 q - a ring of magical power
 s - a ring of fire (left hand)
 v - a ring of wizardry
 A - an amulet of guardian spirit
 H - an amulet of regeneration (around neck)
 P - a +5 ring of evasion (right hand)
Wands
 r - a wand of paralysis (8)
 z - a wand of flame (18)
Scrolls
 f - 2 scrolls of fear
 j - a scroll of poison
 p - a scroll of vulnerability
 B - a scroll of enchant armour {unknown}
 L - a scroll of fog {unknown}
 M - 2 scrolls of summoning {unknown}
 N - a scroll of amnesia {unknown}
 S - 2 scrolls of identify
Potions
 b - a potion of magic
 d - a potion of curing
 e - 2 potions of invisibility
 h - a potion of might
 i - a potion of haste
 k - 2 potions of ambrosia
 l - 2 potions of attraction
 E - 2 potions of brilliance
 F - 2 potions of resistance {unknown}
 G - a potion of berserk rage {unknown}
 O - a potion of mutation {unknown}


   Skills:
 * Level 4.6 Fighting
 + Level 1.4 Short Blades
 + Level 0.1(0.2) Staves
 + Level 3.0 Armour
 + Level 2.1 Dodging
 + Level 2.7 Stealth
 + Level 6.1 Spellcasting
 * Level 5.3 Conjurations
 + Level 1.6 Hexes
 + Level 1.8 Translocations
 * Level 7.4 Fire Magic
 * Level 3.2 Evocations


You had 7 spell levels left.
You knew the following spells:

 Your Spells              Type           Power      Damage    Failure   Level
a - Foxfire               Conj/Fire      100%       2x1d9     1%          1
b - Scorch                Fire           100%       2d9       1%          2
c - Inner Flame           Hex/Fire       36%        N/A       6%          3
d - Volatile Blastmotes   Fire/Tloc      74%        2d16      6%          3
e - Flame Wave            Conj/Fire      47%        2d12      10%         4

Your spell library contained the following spells:

 Spells                   Type           Power      Damage    Failure   Level
 Apportation              Tloc           26%        N/A       7%          1
 Jinxbite                 Hex            24%        N/A       11%         2
 Mephitic Cloud           Conj/Pois/Air  13%        N/A       21%         3
 Cigotuvi's Dreadful Rot  Necr/Pois/Air  12%        N/A       22%         2
 Poisonous Vapours        Pois/Air       12%        N/A       22%         2
 Dispel Undead            Necr           6%         3d8       80%         4
 Freezing Cloud           Conj/Ice/Air   6%         6-21      88%         5
 Alistair's Intoxication  Tmut/Pois      4%         N/A       98%         5
 Death Channel            Necr           3%         N/A       100%        6


Dungeon Overview and Level Annotations

Branches:
Dungeon (9/15)             Temple (0/1) D:4
   Lair: D:8-11         Orc: D:9-12

Altars:
Ashenzari
Cheibriados
Gozag
Kikubaaqudgha
Ru
Sif Muna
Trog
Vehumet

Shops:
D:1 *   D:2 *   D:3 [

Annotations:
D:4 exclusion: oklob sapling
D:7 3 runed translucent doors, exclusion: statue, BlaX's ghost, novice DsNe
D:9 Erolcha


Innate Abilities, Weirdness & Mutations

You have a pair of small antennae on your head.
You may rarely emit foul miasma when damaged in melee.
You regenerate a little health from kills.
When seriously injured, your blood forms armour. (AC +0)


Message History

Confirm with . or Enter, or press ? or * to list all spells.
Casting: Flame Wave (dangerous; 11% risk of failure)
Press: ? - help, Dir - look around, f - activate You feel a surge of power!
A wave of flame ripples out! (Press . to intensify the flame waves.)
The smoke demon gestures at you. Something smites you!
A wave of flame ripples out!
The flame wave engulfs the raiju!
The raiju is severely wounded.
You hear a bark! x2; You hear a roar!
A chorus of shrieks assaults your mind. The smoke demon gestures at you.
Something smites you!
* * * LOW HITPOINT WARNING * * *
A wave of flame ripples out!
The flame wave engulfs the raiju!
You kill the raiju!
The flame wave engulfs the starcursed mass.
The starcursed mass is moderately damaged.
The flame wave engulfs the starcursed mass.
The starcursed mass is lightly damaged.
You finish channelling waves of flame.
The starcursed mass shudders and is absorbed by its neighbour. x2
The starcursed mass shudders and withdraws towards its neighbour.
You hear a bark!
Your Armour skill increases to level 3!
As you read the scroll labelled SOMEME CIKKA, it crumbles to dust.
The creatures around you are filled with an inner flame!
It was a scroll of immolation.
A starcursed mass splits.
As you read the scroll labelled PEWUADININN, it crumbles to dust.
You hear a loud clanging noise!
It was a scroll of noise.
You are suddenly pulled into a different region of the Abyss!
You feel your willpower return.
Your blood armour dries and flakes away.
Magic restored.
Found a corrupted altar of Lugonu.
A Hell Sentinel comes into view.
The Hell Sentinel gestures at you. The iron shot hits you!!!!
Ouch! That really hurt!
You die...

#. {
####...#
### .#
#.#.# .#
#.#.# .
.##.# #.
.{#.#
#1#####.#
#.###..###
##.......#
#.@#######
##...#
#....#
##.### .#
.. #. ..


You could see a Hell Sentinel.

Vanquished Creatures
  An unseen horror (D:9)
  A raiju (Abyss:2)
  3 wyverns
  A basilisk (D:9)
  3 water moccasins
  An ice beast (D:6)
  An orc warrior (D:7)
  2 ogres
  A black bear (D:9)
  A centaur (D:6)
  4 bullfrogs
  2 gnoll sergeants (D:8)
  Blork the orc (D:5)
  A scorpion (D:5)
  4 wights
  3 hounds
  4 jellies
  A gnoll bouda (D:6)
  An orc priest (D:7)
  4 iguanas
  2 sleepcaps (D:6)
  5 orc wizards
  17 gnolls
  9 adders
  2 white imps
  6 ufetubi
  2 worms (D:2)
  22 orcs
  4 bats
  3 endoplasms
  3 giant cockroaches
  6 goblins
  4 hobgoblins
  4 kobolds
  5 quokkas
  6 ball pythons
  5 frilled lizards
  A rat (D:1)
146 creatures vanquished.

Vanquished Creatures (others)
  An arcanist (D:4)
  536 foxfires
  2 starspawn tentacles (Abyss:2)
539 creatures vanquished.

Grand Total: 685 creatures vanquished

Notes
Turn   | Place    | Note
-------+----------+-------------------------------------------
     0 | D:1      | gelatine the Demonspawn Fire Elementalist began the quest
                  | for the Orb.
     0 | D:1      | Reached XP level 1. HP: 13/13 MP: 3/3
   395 | D:1      | Reached skill level 3 in Fire Magic
   760 | D:1      | Gained mutation: When seriously injured, your blood forms
                  | armour. (AC +0) [demonic ancestry]
   760 | D:1      | Reached XP level 2. HP: 19/19 MP: 1/5
  1283 | D:1      | Found Hamotete's General Store.
  1756 | D:1      | Bought a scroll of identify for 22 gold pieces
  2240 | D:2      | Gained mutation: You regenerate a little health from kills.
                  | [demonic ancestry]
  2240 | D:2      | Reached XP level 3. HP: 24/24 MP: 2/6
  2424 | D:2      | Found Zimol's General Store.
  2860 | D:3      | Identified the "Pufrey"
  2860 | D:3      | Identified the "Xuefoi Leil"
  2860 | D:3      | Identified the "Ynyl"
  2922 | D:3      | Found Careth's Armour Shoppe.
  3203 | D:3      | Reached XP level 4. HP: 30/30 MP: 3/7
  3243 | D:3      | Found an ancient bone altar of Kikubaaqudgha.
  3376 | D:3      | Found an opulent altar of Gozag.
  3376 | D:3      | Found a snail-covered altar of Cheibriados.
  3763 | D:3      | Found a shimmering blue altar of Sif Muna.
  3865 | D:4      | Learned a level 2 spell: Scorch
  4145 | D:4      | Found a bloodstained altar of Trog.
  4149 | D:4      | Noticed an arcanist
  4154 | D:4      | Killed an arcanist
  4327 | D:4      | Found a staircase to the Ecumenical Temple.
  4454 | D:4      | Reached XP level 5. HP: 31/35 MP: 2/9
  4684 | D:4      | Found a broken altar of Ashenzari.
  4780 | D:4      | Reached skill level 4 in Fire Magic
  4856 | D:4      | Learned a level 3 spell: Inner Flame
  4860 | D:4      | Learned a level 3 spell: Volatile Blastmotes
  4956 | D:5      | Entered Level 5 of the Dungeon
  5043 | D:5      | Noticed a water moccasin
  5046 | D:5      | Killed a water moccasin
  5047 | D:5      | Reached XP level 6. HP: 41/41 MP: 3/11
  5147 | D:2      | Bought a +0 pair of boots for 49 gold pieces
  5147 | D:2      | Bought a potion of heal wounds for 55 gold pieces
  5225 | D:5      | Noticed Blork the orc
  5236 | D:5      | Killed Blork the orc
  5434 | D:5      | Noticed a water moccasin
  5442 | D:5      | Killed a water moccasin
  5443 | D:5      | Gained mutation: You may rarely emit foul miasma when
                  | damaged in melee. [demonic ancestry]
  5443 | D:5      | Reached XP level 7. HP: 33/47 MP: 2/13
  5571 | D:5      | Reached skill level 1 in Translocations
  5606 | D:5      | Learned a level 4 spell: Flame Wave
  5931 | D:5      | Reached skill level 5 in Fire Magic
  6058 | D:5      | Reached skill level 1 in Fighting
  6348 | D:6      | Reached skill level 1 in Armour
  6380 | D:6      | Noticed a wyvern
  6384 | D:6      | Killed a wyvern
  6385 | D:6      | Reached skill level 1 in Hexes
  6385 | D:6      | Reached skill level 1 in Evocations
  6385 | D:6      | Gained mutation: You have a pair of small antennae on your
                  | head. [demonic ancestry]
  6385 | D:6      | Reached XP level 8. HP: 56/56 MP: 7/15
  7378 | D:6      | Reached skill level 5 in Spellcasting
  7378 | D:6      | Reached skill level 6 in Fire Magic
  7611 | D:3      | Bought the +0 leather armour of the Arcane {rF+ rN+} for
                  | 202 gold pieces
  7932 | D:6      | Reached skill level 1 in Short Blades
  8066 | D:7      | Reached XP level 9. HP: 59/61 MP: 11/16
  8488 | D:7      | Found a runed translucent gate.
  8488 | D:7      | Found a runed translucent gate.
  8488 | D:7      | Found a runed translucent gate.
  8488 | D:7      | Noticed BlaX's ghost (novice DsNe)
  8537 | D:7      | Found a radiant altar of Vehumet.
  8654 | D:7      | Found a sacrificial altar of Ru.
  9020 | D:8      | Identified the +7 mace "Dragonslayer" {distort, rN+ Dex-4
                  | SInv}
  9899 | D:9      | Killed an unseen horror
  9900 | D:9      | Reached skill level 5 in Conjurations
  9900 | D:9      | Reached skill level 7 in Fire Magic
 10021 | D:9      | Noticed Erolcha
 10023 | Abyss:2  | Cast into level 2 of the Abyss (Erolcha)
 10067 | Abyss:2  | Noticed an ancient zyme
 10122 | Abyss:2  | Noticed an apocalypse crab
 10133 | Abyss:2  | Noticed an ancient zyme
 10143 | Abyss:2  | Noticed a tentacled starspawn
 10148 | Abyss:2  | Noticed a starcursed mass
 10148 | Abyss:2  | Noticed a starcursed mass
 10154 | Abyss:2  | Noticed a lindwurm
 10160 | Abyss:2  | Noticed a smoke demon
 10278 | Abyss:2  | Found a corrupted altar of Lugonu.
 10279 | Abyss:2  | Noticed a Hell Sentinel
 10281 | Abyss:2  | Killed from afar by a Hell Sentinel

Illustrated notes

Levels and vault maps discovered:
D:1:      saegor_arrival_simple_d, layout_loops_corners, serial_glass,
          glass_columns_a, glass_columns_c, serial_shops, shop
D:2:      layout_loops_ring, serial_shops, nicolae_shop_rolling_square
D:3:      layout_rooms, nicolae_sif_muna_little_library,
          nicolae_kikubaaqudgha_miasma_corner, gammafunk_temple_overflow_pools,
          serial_shops, nicolae_shop_tiny_glass
D:4:      layout_basic, mainiacjoe_overflow_tiny_flanked, trog_wizard,
          minmay_temple_entry_oklob, hex_intersection
D:5:      layout_loops_cross, uniq_blork_the_orc
D:6:      layout_loops_ring
D:7:      layout_rooms, hangedman_ru_absence, vehumet_statue, serial_curves,
          eino_curves_02, eino_curves_03, gammafunk_ghost_necromancy
D:8:      layout_rooms, abandoned_shop, kennysheep_donut
D:9:      layout_loops_ring, nicolae_overflow_crystal_walls, david_lair_generic,
          minmay_stone_trees_medium, uniq_harold, uniq_amaemon, uniq_erolcha,
          uniq_gastronok
Abyss:2:  base:
D:2

Skill      XL: |  1  2  3  4  5  6  7  8  9 |
---------------+----------------------------+-----
Fire Magic     | 3 4 5 6 7 |  7.4
Stealth        | 2 |  2.7
Conjurations   | 2 3 4 5 |  5.3
Spellcasting   | 3 4 5 6 |  6.1
Translocations | 1 |  1.8
Fighting       | 1 3 4 |  4.6
Armour         | 1 2 3 |  3.0
Hexes          | 1 |  1.6
Evocations     | 1 2 3 |  3.2
Dodging        | 2 |  2.1
Short Blades   | 1 |  1.4
Staves         | |  0.1

Action                     |  1- 3 |  4- 6 |  7- 9 || total
---------------------------+-------+-------+-------++-------
  Melee: Short sword       |     7 |    22 |    20 ||    49
         Punch             |     1 |       |     1 ||     2
         Mace              |       |       |    14 ||    14
         Staff             |       |       |    11 ||    11
   Cast: Foxfire           |    85 |    87 |   151 ||   323
         Scorch            |       |    11 |    46 ||    57
         Inner Flame       |       |       |    14 ||    14
         Volatile Blastmot |       |       |    11 ||    11
         Flame Wave        |       |       |     1 ||     1
    Use: Scroll            |     2 |     2 |    11 ||    15
         Potion            |       |       |     2 ||     2
 Armour: Robe              |     6 |    17 |       ||    23
         Leather armour    |       |       |    88 ||    88
  Dodge: Dodged            |     5 |    16 |    56 ||    77

Table legend: (Time is in decaauts)
 A = Elapsed time spent in this place.
 B = Non-inter-level travel time spent in this place.
 C = Inter-level travel time spent in this place.
 D = Time resting spent in this place.
 E = Time spent auto-exploring this place.
 F = Levels seen in this place.
 G = Mean time per level.
                   A        B        C        D        E       F      G
               +--------+--------+--------+--------+--------+-----+--------+
         Total |  10276 |   9588 |    688 |    300 |   7918 |  10 | 1027.6 |
       Dungeon |  10030 |   9342 |    688 |    300 |   7842 |   9 | 1114.4 |
         Abyss |    246 |    246 |      0 |      0 |     76 |   1 |  246.0 |
               +--------+--------+--------+--------+--------+-----+--------+

Top non-repeatable levels by time:
     D:1: 1716 daAuts
     D:6: 1428 daAuts
     D:4: 1230 daAuts
     D:2: 1201 daAuts
     D:5: 1181 daAuts
     D:3: 1060 daAuts
     D:7: 1028 daAuts
     D:8: 960 daAuts
 Abyss:2: 246 daAuts
     D:9: 222 daAuts
